AoeStats
← DaaS

Arabia

510618352Analyzed
1v1 RM · 2d ago on Oct 1, 2026· 42m 27s· 2 players
Game mode
Random Map
Map size
Tiny (2 player)
Population
200
Speed
Normal
Resources
Standard
Victory
Conquest
Starting age
Dark Age
Ending age
Imperial Age
RankedLock teamsTeams togetherTeam positionsShared explorationLock speedFull tech treeHidden civsTurbo modeCheats
Victory
Defeat
🇨🇱 Persians · Chile
1157
+15
🇵🇪 Romans · Peru
1128
-15
DaaS
7:27 Loom
9:47 Feudal Age
9:53 Man-at-Arms
18:05 Horse Collar
23:43 Scale Mail Armor
23:54 Forging
24:17 Fletching
28:01 Castle Age
29:18 Bodkin Arrow
30:13 Long Swordsman
31:01 Gold Mining
30:45 Pikeman
37:43 Double-Bit Axe
44:14 Imperial Age
Lianai
6:16 Loom
8:59 Feudal Age
9:56 Double-Bit Axe
10:19 Horse Collar
18:35 Wheelbarrow
22:16 Castle Age
20:31 Fletching
20:42 Padded Archer Armor
21:25 Stone Mining
22:45 Bodkin Arrow
23:06 Leather Archer Armor
23:13 Crossbowman
23:59 Thumb Ring
25:51 Thumb Ring
27:35 Bow Saw
29:34 Gold Mining
39:32 Imperial Age
38:41 Hand Cart
38:12 Town Watch
41:26 Chemistry
43:15 Ballistics
Connection lost

Rejoining the realm…

Still unreachable

The connection could not be restored.

Session expired

The server has moved on; the page needs a fresh start.